 Dungeon Crawl Stone Soup version 0.20.0-15-g7f486f2 (webtiles) character file.

116 NoAnimeNoLife the Cudgeler (level 5, -4/32 HPs)
             Began as a Gargoyle Fighter on June 14, 2017.
             Slain by anfisbena's ghost (7 damage)
             ... on level 3 of the Dungeon.
             The game lasted 00:02:37 (1608 turns).

NoAnimeNoLife the Cudgeler (Gargoyle Fighter)       Turns: 1608, Time: 00:02:38

Health: -4/32      AC: 10    Str: 24    XL:     5   Next: 1%
Magic:  5/5        EV:  7    Int:  9    God:
Gold:   178        SH:  9    Dex: 10    Spells: 4/4 levels left

rFire    . . .     SeeInvis .   a - +0 flail
rCold    . . .     Gourm    .   c - +0 shield
rNeg     + . .     Faith    .   b - +0 scale mail
rPois    ∞         Spirit   .   (no helmet)
rElec    +         Reflect  .   (no cloak)
rCorr    .         Harm     .   (no gloves)
MR       .....                  (no boots)
Stlth    ..........             (no amulet)
Regen    0.1/turn               (no ring)
MPRegen  0.1/turn               (no ring)

@: mighty
A: negative energy resistance 1, electricity resistance, unbreathing,
petrification resistance, rot immunity, AC +4
a: no special abilities


You were on level 3 of the Dungeon.
You were hungry.

You visited 1 branch of the dungeon, and saw 3 of its levels.

You collected 178 gold pieces.

Inventory:

Hand Weapons
 a - a +0 flail (weapon)
Armour
 b - a +0 scale mail (worn)
 c - a +0 shield (worn)
Scrolls
 e - 3 scrolls of remove curse {unknown}
 g - 2 scrolls of magic mapping {unknown}
 j - 4 scrolls of identify {unknown}
 k - a scroll of recharging {unknown}
 m - a scroll of blinking {unknown}
 n - a scroll of enchant armour {unknown}
 o - a scroll of teleportation {unknown}
 r - a scroll of enchant weapon {unknown}
Potions
 d - a potion of might
 h - 2 potions of brilliance {unknown}
 q - a potion of mutation {unknown}
 s - a potion of degeneration {unknown}
 t - a potion of flight {unknown}
 u - a potion of cancellation {unknown}
 v - a potion of resistance {unknown}
Comestibles
 f - 6 bread rations
 i - 3 fruits
 l - 3 royal jellies
 p - a meat ration


   Skills:
 - Level 3.2 Fighting
 + Level 5.0 Maces & Flails
 - Level 3.2 Armour
 - Level 3.2 Shields


You had 4 spell levels left.
You didn't know any spells.

Dungeon Overview and Level Annotations

Branches:
Dungeon (3/15)

Altars:

Annotations:
D:3 anfisbena's ghost, novice VSFi


Innate Abilities, Weirdness & Mutations

You are resistant to torment.
Your stone body is resilient. (AC +4)
You are immune to poison.
You resist negative energy. (rN+)
You are resistant to electric shocks. (rElec)
You can survive without breathing.
You are immune to petrification.
You are immune to rotting.


Message History

You block anfisbena's ghost's attack.
You barely miss anfisbena's ghost.
Anfisbena's ghost is lightly damaged.
The gnoll hits you from afar with a spear.
You block anfisbena's ghost's attack. You block the gnoll's attack.
You feel very mighty all of a sudden. You block anfisbena's ghost's attack.
The gnoll hits you but does no damage.
Your shield and scale mail prevent you from hitting anfisbena's ghost.
Anfisbena's ghost is lightly damaged.
Anfisbena's ghost hits you!
* * * LOW HITPOINT WARNING * * *
The gnoll hits you but does no damage.
You hit anfisbena's ghost but do no damage.
Anfisbena's ghost is lightly damaged.
Anfisbena's ghost hits you but does no damage.
You block the gnoll's attack. You block anfisbena's ghost's attack.
Your shield and scale mail prevent you from hitting anfisbena's ghost.
Anfisbena's ghost is lightly damaged.
You block the gnoll's attack. Anfisbena's ghost hits you!
You die...

#....#....#####....# #<#
#...#.....#..........# #
...#....##.[.#####....###.#
.. ####.##.### ##.#.....# .
####.##.###### #.#.###.#
.............###.#.#
#....g..........#.#
....##.####.#####.# # #@#
#.#####.# #W# #.......# #.#
######### #.# #.# ..# ###


You could see anfisbena's ghost and a gnoll.

Vanquished Creatures
  3 gnolls (D:3)
  2 adders
  An ooze (D:1)
  A dart slug (D:3)
  2 leopard geckos (D:1)
  5 orcs (D:3)
  3 bats
  3 giant cockroaches
  4 goblins
  7 hobgoblins
  4 jackals (D:1)
  9 kobolds
  2 ball pythons (D:1)
  4 frilled lizards
  2 rats
  A plant (D:2)
53 creatures vanquished.

Notes
Turn   | Place    | Note
-------+----------+-------------------------------------------
     0 | D:1      | NoAnimeNoLife the Gargoyle Fighter began the quest for the Orb.
     0 | D:1      | Reached XP level 1. HP: 14/14 MP: 1/1
    56 | D:1      | Reached XP level 2. HP: 11/19 MP: 2/2
   156 | D:1      | Reached skill level 3 in Maces & Flails
   281 | D:1      | Reached XP level 3. HP: 18/23 MP: 3/3
   988 | D:2      | Found a faded altar of an unknown god.
  1231 | D:2      | Reached skill level 4 in Maces & Flails
  1258 | D:3      | Reached XP level 4. HP: 28/28 MP: 4/4
  1586 | D:3      | Noticed anfisbena's ghost (novice VSFi)
  1597 | D:3      | Reached skill level 5 in Maces & Flails
  1597 | D:3      | Reached XP level 5. HP: 25/32 MP: 5/5
  1608 | D:3      | Slain by anfisbena's ghost

Skill      XL: |  1  2  3  4 |
---------------+-------------+-----
Maces & Flails | 3 4 5 |  5.0
Fighting       | |  3.2
Armour         | |  3.2
Shields        | |  3.2

Action                   |  1- 3 |  4- 6 || total
-------------------------+-------+-------++-------
Melee: Flail             |   165 |    56 ||   221
  Use: Potion            |       |     1 ||     1
  Eat: Chunk             |     2 |       ||     2
Armor: Scale mail        |   109 |    25 ||   134
Dodge: Dodged            |    60 |    16 ||    76
Block: Shield            |    87 |    40 ||   127
